 Dungeon Crawl Stone Soup version 0.31-a0-455-g1a7b003ef0 (webtiles) character file.

Game seed: 4477436671621864994

11 ytrimaz the Changeling (level 2, 21/21 HPs)
             Began as a Demonspawn Shapeshifter on Aug 3, 2023.
             Quit the game on level 1 of the Dungeon.
             The game lasted 00:00:31 (322 turns).

ytrimaz the Changeling (Demonspawn Shapeshifter)     Turns: 322, Time: 00:00:32

Health: 21/21      AC:  2    Str: 15    XL:     2   Next: 13%
Magic:  2/2        EV: 12    Int:  9    God:
Gold:   24         SH:  0    Dex: 13    Spells: 1/1 levels left

rFire   . .          .
                       - Unarmed
rCold   . . .        (no shield)
rNeg    . . .        a - +0 animal skin
rPois   .            (helmet currently unavailable)
rElec   .            (cloak currently unavailable)
rCorr   .            (gloves currently unavailable)
SInv    .            (boots currently unavailable)
Will    .....        (no amulet)
Stlth   +            (no ring)
HPRegen 0.23/turn    (no ring)
MPRegen 0.08/turn

%: no passive effects
@: beast-form
A: beast (slay +2), ignite blood 1
a: Begin Untransformation


You were on level 1 of the Dungeon.
You were a hulking beast.
You visited 1 branch of the dungeon, and saw 1 of its levels.

You collected 24 gold pieces.


Innate Abilities, Weirdness & Mutations

You are a hulking beast.
Your limbs bulge with bestial killing power. (Slay +2)
Your demonic aura sometimes causes spilled blood to erupt in flames.


   Skills:
 + Level 1.3 Fighting
 - Level 1.7 Dodging
 + Level 2.8 Unarmed Combat
 * Level 2.9 Shapeshifting


You had one spell level left.
You didn't know any spells.
Your spell library was empty.

Inventory:

Armour
 a - a +0 animal skin (worn)
Jewellery
 h - an amulet of magic regeneration
   (You found it on level 1 of the Dungeon)
Talismans
 c - a beast talisman (active)
Scrolls
 d - a scroll of revelation {unknown}
 g - a scroll of immolation {unknown}
Potions
 b - a potion of lignification
 e - a potion of curing {unknown}
 f - a potion of haste {unknown}

Dungeon Overview and Level Annotations

Branches:
Dungeon (1/15) Zot: 5679

Altars:

Shops:
D:1

!
.......######+#+#.........#.##...
#########.........###.....#.###'#
........'.........###.....#.#....
#########...........+.........#.#
#...#####.........###........##..
#.#....##.........# #.......#####
#.####.##....(....# ....>#....
.....#.##.........# ...# #####
..##.#.##.......h## ... #...
..##.#.######.......J.... #.##
..##.#.# ############ #.##
#....#.# #.#. .......# #.##
######## #.# #.## #... ####


You could see an endoplasm (asleep).


Message History

The ball python completely misses you. The ball python closely misses you.
You punch the ball python!
You kill the ball python!
No target in view!
No target in view!
No target in view!
You now have 10 gold pieces.
Key pressed, stopping explore.
Found a stone staircase leading down.
You open the door.
There is an open door here.
A ball python comes into view.
The ball python hisses angrily.
A ball python is nearby!
A quokka comes into view.
A quokka is nearby!
A quokka is nearby!
A quokka is nearby!
A quokka is nearby!
You hit the ball python.
You kill the ball python!
You have reached level 2!
Your demonic ancestry asserts itself...
Your blood heats up. 😎 HP[+6] MP[+1]
You now have 21 max hp (+6).
Your hp is fully restored (21).
Your mp is fully restored (2).
You hit the quokka. The quokka bites you. 😕 HP[-1]
You take 1 damage, and now have 20/21 hp.
You barely miss the quokka. The quokka closely misses you. 😎 HP[+1]
Your hp is fully restored (21).
You hit the quokka.
You kill the quokka!
No target in view!
No target in view!
No target in view!
No target in view!
A bat comes into view.
The bat moves out of view.
The bat completely misses you.
A bat is nearby!
A bat is nearby!
A bat is nearby!
A bat is nearby!
You miss the bat. The bat hits you. 😕 HP[-1]
You take 1 damage, and now have 20/21 hp.
The bat closely misses you. The bat barely misses you.
The bat barely misses you.
The bat hits you but does no damage. 😎 HP[+1]
Your hp is fully restored (21).
You hit the bat. The bat barely misses you. The bat barely misses you.
You open the door.
There is an open door here.
Key pressed, stopping explore.
A goblin comes into view. It is wielding a +0 dagger.
You see here 6 gold pieces.
A goblin is nearby!
You miss the goblin. The goblin misses you.
You barely miss the goblin.
The goblin hits you with a +0 dagger. 😕 HP[-1]
You take 1 damage, and now have 20/21 hp.
You hit the goblin but do no damage. The goblin completely misses you.
You barely miss the goblin. 😎 HP[+1]
Your hp is fully restored (21).
You closely miss the goblin.
The goblin hits you with a +0 dagger. 😕 HP[-1]
You take 1 damage, and now have 20/21 hp.
You hit the goblin.
You kill the goblin!
No target in view!
No target in view!
No target in view!
No target in view!
f - a cyan potion 😎 HP[+1]
Your hp is fully restored (21).
You now have 16 gold pieces (gained 6).
You now have 24 gold pieces (gained 8).
g - a scroll labelled WYINAJ MUEXU You open the door.
You open the door.
There is an open door here.
Key pressed, stopping explore.
Key pressed, stopping explore.
Key pressed, stopping explore.
You open the door.
There is an open door here.
h - an amulet of magic regeneration An endoplasm comes into view.
An endoplasm is nearby!
An endoplasm is nearby!
An endoplasm is nearby!
Are you sure you want to abandon this character and quit the game? (Confirm with "yes".)

Action                     || total
---------------------------++-------
  Melee: Unarmed           ||    25
         Punch             ||     1
 Armour: Animal skin       ||     2
  Dodge: Dodged            ||    16

Levels and vault maps discovered:
D:1:      matt_arrival_diagonals, layout_basic, serial_shops, shop

Notes
Turn   | Place    | Note
-------+----------+-------------------------------------------
     0 | D:1      | ytrimaz the Demonspawn Shapeshifter began the quest for the
                  | Orb.
     0 | D:1      | Reached XP level 1. HP: 15/15 MP: 1/1
     0 | D:1      | magus.rc [v1.9.6]
    65 | D:1      | Found Raysed Archa's Distillery.
   132 | D:1      | Gained mutation: Your demonic aura sometimes causes spilled
                  | blood to erupt in flames. [demonic ancestry]
   132 | D:1      | Reached XP level 2. HP: 21/21 MP: 2/2
   322 | D:1      | Quit the game

Vanquished Creatures
  3 ball pythons (D:1)
  A goblin (D:1)
  2 jackals (D:1)
  A kobold (D:1)
  A quokka (D:1)
  A bat (D:1)
  A rat (D:1)
10 creatures vanquished.

Table legend:
 A = Non-vault XP
 B = Vault XP
 C = Vault XP percentage of total XP
 D = Non-vault monster count
 E = Vault monster count
 F = Vault count percentage of total count
                 A         B        C        D         E       F
            +---------+---------+-------+---------+---------+-------
      Total |      16 |       0 |   0.0 |      10 |       0 |   0.0
            +---------+---------+-------+---------+---------+-------
        D:1 |      16 |       0 |   0.0 |      10 |       0 |   0.0
            +---------+---------+-------+---------+---------+-------

Action                     || total
---------------------------++-------
  Melee: Unarmed           ||    25
         Punch             ||     1
 Armour: Animal skin       ||     2
  Dodge: Dodged            ||    16

Illustrated notes

Table legend:
 A = Kills in this place as a percentage of kills in the entire game.
 B = Kills by you in this place as a percentage of kills by you in the entire game.
 C = Kills by friends in this place as a percentage of kills by friends in the entire game.
 D = Other kills in this place as a percentage of other kills in the entire game.
 E = Experience gained in this place as a percentage of experience gained in the entire game.
 F = Experience gained in this place divided by the number of levels of this place that you have seen.
                   A       B       C       D       E      F
               +-------+-------+-------+-------+-------+----------------------
         Total | 100.0 | 100.0 |   N/A |   N/A | 100.0 |  16.0
       Dungeon | 100.0 | 100.0 |   N/A |   N/A | 100.0 |  16.0
               +-------+-------+-------+-------+-------+----------------------

Table legend: (Time is in decaauts)
 A = Elapsed time spent in this place.
 B = Non-inter-level travel time spent in this place.
 C = Inter-level travel time spent in this place.
 D = Time resting spent in this place.
 E = Time spent auto-exploring this place.
 F = Levels seen in this place.
 G = Mean time per level.
                   A        B        C        D        E       F      G
               +--------+--------+--------+--------+--------+-----+--------+
         Total |    320 |    320 |      0 |      0 |    251 |   1 |  320.0 |
       Dungeon |    320 |    320 |      0 |      0 |    251 |   1 |  320.0 |
               +--------+--------+--------+--------+--------+-----+--------+

Top non-repeatable levels by time:
     D:1: 320 daAuts
